TOP OF THE 1ST |
Detroit (APP) Tigers batting - Pitching for Pulaski Yankees : RHP Ben Cunningham
|
Pitching: RHP Ben Cunningham
|
|
Batting: RHB Jose Evangelista
|
0-0: Ball 1-0: Called Strike 1-1: Ground out 5-3 (Groundball, 56, EV 83.1 MPH)
|
Batting: LHB Afanasy Zasekin
|
0-0: Ball 1-0: Swinging Strike 1-1: Foul Ball, location: 2F 1-2: Strikes out swinging
|
Batting: RHB Kevin Steed
|
0-0: Ball 1-0: Ball 2-0: SINGLE (Groundball, 4MD, EV 102.5 MPH) (infield hit)
|
Batting: RHB German Quiroga
|
0-0: Called Strike 0-1: SINGLE (Groundball, 34D, EV 94.4 MPH) Kevin Steed to second Runner from 2nd tries for 3rd, SAFE, throw by RF made to third
|
Batting: RHB Juan Acero
|
0-0: Called Strike 0-1: Foul Ball, location: 2F 0-2: Ball 1-2: SINGLE (Flyball, 5D, EV 93.8 MPH) Kevin Steed scores German Quiroga to second
|
Batting: RHB Nate Dabney
|
0-0: Ball 1-0: Ball Passed Ball! German Quiroga to third Juan Acero to second 2-0: Called Strike 2-1: Ball 3-1: Foul Ball, location: 2F 3-2: Base on Balls
|
Batting: LHB Isao Fukui
|
0-0: Ball Wild Pitch! German Quiroga scores Juan Acero to third Nate Dabney to second 1-0: Fly out, F5 (Popup, 5, EV 60.0 MPH)
|
Top of the 1st over - 2 runs, 3 hits, 0 errors, 2 left on base; Detroit (APP) 2 - Pulaski 0 |
BOTTOM OF THE 1ST |
Pulaski Yankees batting - Pitching for Detroit (APP) Tigers : RHP Scott King
|
Pitching: RHP Scott King
|
|
Batting: RHB Jonathan Iniguez
|
0-0: Foul Ball, location: 2F 0-1: Ball 1-1: Ball 2-1: Foul Ball, location: 2F 2-2: Ball 3-2: SINGLE (Line Drive, 8RS, EV 99.4 MPH)
|
Batting: RHB Gonçalo Burhil
|
0-0: Called Strike 0-1: Foul Ball, location: 2F 0-2: Ball 1-2: Ball 2-2: Ball 3-2: Ground out U3 (Groundball, 3, EV 105.0 MPH) Jonathan Iniguez to second
|
Batting: SHB Corey Penson
|
0-0: Swinging Strike 0-1: Ground out 4-3 (Groundball, 4, EV 83.1 MPH) Jonathan Iniguez to third
|
Batting: LHB Steve LeGrand
|
0-0: Fly out, F7 (Flyball, 7D, EV 89.4 MPH)
|
Bottom of the 1st over - 0 runs, 1 hit, 0 errors, 1 left on base; Detroit (APP) 2 - Pulaski 0 |
TOP OF THE 2ND |
Detroit (APP) Tigers batting - Pitching for Pulaski Yankees : RHP Ben Cunningham
|
Batting: RHB Yasutaka Yamasaki
|
0-0: Swinging Strike 0-1: Called Strike 0-2: Ground out 4-3 (Groundball, 4, EV 99.4 MPH)
|
Batting: RHB Carlos Avila
|
0-0: Called Strike 0-1: Swinging Strike 0-2: Strikes out swinging
|
Batting: RHB Jose Evangelista
|
0-0: Swinging Strike 0-1: Hit by Pitch
|
Batting: LHB Afanasy Zasekin
|
0-0: Ball 1-0: Ball Jose Evangelista steals 2nd base 2-0: 2-RUN HOME RUN (Flyball, 9D, EV 97.5 MPH), Distance : 375 ft
|
Batting: RHB Kevin Steed
|
0-0: Foul Ball, location: 2F 0-1: Ground out 4-3 (Groundball, 4, EV 84.4 MPH)
|
Top of the 2nd over - 2 runs, 1 hit, 0 errors, 0 left on base; Detroit (APP) 4 - Pulaski 0 |
BOTTOM OF THE 2ND |
Pulaski Yankees batting - Pitching for Detroit (APP) Tigers : RHP Scott King
|
Batting: RHB David Durr
|
0-0: Called Strike 0-1: Called Strike 0-2: Ball 1-2: Strikes out swinging
|
Batting: LHB Jared Zulkowski
|
0-0: Fly out, F8 (Flyball, 8RD, EV 108.1 MPH)
|
Batting: LHB Matt Cusatis
|
0-0: Ball 1-0: Ball 2-0: Ground out 4-3 (Groundball, 34, EV 83.1 MPH)
|
Bottom of the 2nd over - 0 runs, 0 hits, 0 errors, 0 left on base; Detroit (APP) 4 - Pulaski 0 |
TOP OF THE 3RD |
Detroit (APP) Tigers batting - Pitching for Pulaski Yankees : RHP Ben Cunningham
|
Batting: RHB German Quiroga
|
0-0: Ball 1-0: Ball 2-0: Ball 3-0: Called Strike 3-1: Base on Balls
|
Batting: RHB Juan Acero
|
0-0: Called Strike 0-1: Ball 1-1: Ball German Quiroga steals 2nd base 2-1: Ball 3-1: Foul Ball, location: 2F 3-2: Foul Ball, location: 2F 3-2: Base on Balls
|
Batting: RHB Nate Dabney
|
0-0: Ball Wild Pitch! German Quiroga to third Juan Acero to second 1-0: Ball 2-0: Ball 3-0: Base on Balls
|
Batting: LHB Isao Fukui
|
0-0: Ball 1-0: Foul Ball, location: 2F 1-1: Ball 2-1: Ball 3-1: Base on Balls German Quiroga scores Juan Acero to third Nate Dabney to second
|
Pitching: RHP Jon Campbell
|
|
Batting: RHB Yasutaka Yamasaki
|
0-0: Called Strike 0-1: Foul Ball, location: 2F 0-2: Strikes out swinging
|
Batting: RHB Carlos Avila
|
0-0: Ball Passed Ball! Juan Acero scores Nate Dabney to third Isao Fukui to second 1-0: Swinging Strike Passed Ball! Nate Dabney scores Isao Fukui to third 1-1: Foul Ball, location: 2F 1-2: SINGLE (Line Drive, 6M, EV 95.6 MPH) Isao Fukui scores
|
Batting: RHB Jose Evangelista
|
0-0: Called Strike 0-1: 2-RUN HOME RUN (Flyball, 7LD, EV 95.6 MPH), Distance : 346 ft
|
Batting: LHB Afanasy Zasekin
|
0-0: Ball 1-0: Foul Ball, location: 2F 1-1: SINGLE (Groundball, 4D, EV 97.5 MPH)
|
Batting: RHB Kevin Steed
|
0-0: Foul Ball, location: 2F 0-1: Foul Ball, location: 2F 0-2: Ball 1-2: Strikes out swinging
|
Batting: RHB German Quiroga
|
0-0: Called Strike 0-1: Ball 1-1: Called Strike 1-2: Foul Ball, location: 2F 1-2: Foul Ball, location: 2F 1-2: Fielders Choice at 2nd, 6-4 (Groundball, 6, EV 83.8 MPH)
|
Top of the 3rd over - 6 runs, 3 hits, 0 errors, 1 left on base; Detroit (APP) 10 - Pulaski 0 |
BOTTOM OF THE 3RD |
Pulaski Yankees batting - Pitching for Detroit (APP) Tigers : RHP Scott King
|
Batting: LHB Dustin Shaw
|
0-0: Ground out 5-3 (Groundball, 56, EV 88.8 MPH)
|
Batting: LHB Loo Lei
|
0-0: Ball 1-0: Called Strike 1-1: Foul Ball, location: 2F 1-2: Strikes out swinging
|
Batting: RHB Jonathan Iniguez
|
0-0: Called Strike 0-1: Foul Ball, location: 2F 0-2: Ball 1-2: Ball 2-2: Fly out, F8 (Flyball, 78D, EV 97.5 MPH)
|
Bottom of the 3rd over - 0 runs, 0 hits, 0 errors, 0 left on base; Detroit (APP) 10 - Pulaski 0 |
TOP OF THE 4TH |
Detroit (APP) Tigers batting - Pitching for Pulaski Yankees : RHP Jon Campbell
|
Pitching: LHP Alex Ramirez
|
|
Batting: RHB Juan Acero
|
0-0: Called Strike 0-1: Ball 1-1: Ball 2-1: Foul Ball, location: 2F 2-2: Ball 3-2: Base on Balls
|
Batting: RHB Nate Dabney
|
0-0: Ball Passed Ball! Juan Acero to second 1-0: 2-RUN HOME RUN (Flyball, 78XD, EV 101.2 MPH), Distance : 413 ft
|
Batting: LHB Isao Fukui
|
0-0: Ball 1-0: Fly out, F8 (Flyball, 89M, EV 86.9 MPH)
|
Batting: RHB Yasutaka Yamasaki
|
0-0: Ball 1-0: Ball 2-0: SOLO HOME RUN (Flyball, 78XD, EV 108.1 MPH), Distance : 428 ft
|
Batting: RHB Carlos Avila
|
0-0: Called Strike 0-1: Called Strike 0-2: Strikes out swinging
|
Batting: RHB Jose Evangelista
|
0-0: Ball 1-0: Foul Ball, location: 2F 1-1: Foul Ball, location: 2F 1-2: Foul Ball, location: 2F 1-2: DOUBLE (Flyball, 8LXD, EV 106.9 MPH)
|
Pitching: RHP Eric Patrick
|
|
Batting: LHB Afanasy Zasekin
|
0-0: Ball 1-0: Ball 2-0: Ball Wild Pitch! Jose Evangelista to third 3-0: Foul Ball, location: 2F 3-1: Foul Ball, location: 2F 3-2: Foul Ball, location: 2F 3-2: Foul Ball, location: 2F 3-2: Strikes out looking
|
Top of the 4th over - 3 runs, 3 hits, 0 errors, 1 left on base; Detroit (APP) 13 - Pulaski 0 |
BOTTOM OF THE 4TH |
Pulaski Yankees batting - Pitching for Detroit (APP) Tigers : RHP Scott King
|
Batting: RHB Gonçalo Burhil
|
0-0: Foul Ball, location: 2F 0-1: Ball 1-1: Swinging Strike 1-2: Strikes out looking
|
Batting: SHB Corey Penson
|
0-0: Foul Ball, location: 2F 0-1: Fly out, F4 (Line Drive, 4, EV 72.5 MPH)
|
Batting: LHB Steve LeGrand
|
0-0: Ball 1-0: Called Strike 1-1: Ball 2-1: Foul Ball, location: 2F 2-2: Ball 3-2: Strikes out looking
|
Bottom of the 4th over - 0 runs, 0 hits, 0 errors, 0 left on base; Detroit (APP) 13 - Pulaski 0 |
TOP OF THE 5TH |
Detroit (APP) Tigers batting - Pitching for Pulaski Yankees : RHP Eric Patrick
|
Batting: RHB Kevin Steed
|
0-0: Called Strike 0-1: Foul Ball, location: 2F 0-2: Ball 1-2: Ball 2-2: Ball 3-2: Hit by Pitch
|
Batting: RHB German Quiroga
|
0-0: Ball 1-0: Called Strike 1-1: Called Strike 1-2: Ball 2-2: Ball 3-2: Base on Balls Kevin Steed to second
|
Pitching: LHP Sergio Huerta
|
|
Batting: RHB Juan Acero
|
0-0: Ball Wild Pitch! Kevin Steed to third German Quiroga to second 1-0: Ball Passed Ball! Kevin Steed scores German Quiroga to third 2-0: Called Strike 2-1: Swinging Strike 2-2: Strikes out looking
|
Batting: RHB Nate Dabney
|
0-0: Ball Wild Pitch! German Quiroga scores 1-0: Foul Ball, location: 2F 1-1: Ball 2-1: Foul Ball, location: 2F 2-2: Foul Ball, location: 2F 2-2: Ball 3-2: Base on Balls
|
Batting: LHB Isao Fukui
|
0-0: Called Strike 0-1: Called Strike 0-2: Foul Ball, location: 2F 0-2: Fly out, F8 (Flyball, 8LD, EV 90.0 MPH)
|
Batting: RHB Yasutaka Yamasaki
|
0-0: Swinging Strike 0-1: Ball 1-1: Ball Passed Ball! Nate Dabney to second 2-1: Called Strike 2-2: Foul Ball, location: 2F 2-2: Ball 3-2: Base on Balls
|
Pitching: LHP Jessie Neal
|
|
Batting: RHB Carlos Avila
|
0-0: Called Strike 0-1: Fly out, F7 (Flyball, 78M, EV 81.2 MPH)
|
Top of the 5th over - 2 runs, 0 hits, 0 errors, 2 left on base; Detroit (APP) 15 - Pulaski 0 |
BOTTOM OF THE 5TH |
Pulaski Yankees batting - Pitching for Detroit (APP) Tigers : RHP Scott King
|
Batting: RHB David Durr
|
0-0: Ground out 6-3 (Groundball, 6, EV 100.0 MPH)
|
Batting: LHB Jared Zulkowski
|
0-0: Called Strike 0-1: Ball 1-1: Foul Ball, location: 2F 1-2: Ball 2-2: Foul Ball, location: 2F 2-2: Foul Ball, location: 2F 2-2: Foul Ball, location: 2F 2-2: Foul Ball, location: 2F 2-2: Foul Ball, location: 2F 2-2: Strikes out swinging
|
Batting: LHB Matt Cusatis
|
0-0: Called Strike 0-1: Ball 1-1: Swinging Strike 1-2: Strikes out swinging
|
Bottom of the 5th over - 0 runs, 0 hits, 0 errors, 0 left on base; Detroit (APP) 15 - Pulaski 0 |
TOP OF THE 6TH |
Detroit (APP) Tigers batting - Pitching for Pulaski Yankees : LHP Jessie Neal
|
Batting: RHB Jose Evangelista
|
0-0: Ball 1-0: Ball 2-0: Foul Ball, location: 2F 2-1: Fly out, F8 (Flyball, 8LS, EV 73.1 MPH)
|
Batting: LHB Afanasy Zasekin
|
0-0: Ball 1-0: Ball 2-0: Foul Ball, location: 2F 2-1: Ball 3-1: Base on Balls
|
Batting: RHB Kevin Steed
|
0-0: Ball 1-0: SINGLE (Groundball, 56, EV 100.6 MPH) (infield hit) Afanasy Zasekin to second
|
Batting: RHB German Quiroga
|
0-0: Called Strike 0-1: Ball 1-1: Foul Ball, location: 2F 1-2: SINGLE (Groundball, 6D, EV 101.2 MPH) Afanasy Zasekin to third Kevin Steed to second
|
Batting: RHB Juan Acero
|
0-0: Ball Wild Pitch! Afanasy Zasekin scores Kevin Steed to third German Quiroga to second 1-0: Ball Passed Ball! Kevin Steed scores German Quiroga to third 2-0: Foul Ball, location: 2F 2-1: Ball 3-1: Foul Ball, location: 2F 3-2: SINGLE (Groundball, 6D, EV 95.0 MPH) German Quiroga scores
|
Batting: RHB Nate Dabney
|
0-0: Ball Wild Pitch! Juan Acero to second 1-0: Called Strike 1-1: Called Strike 1-2: Ball 2-2: Foul Ball, location: 2F 2-2: TRIPLE (Line Drive, 9LD, EV 107.5 MPH) Juan Acero scores
|
Batting: LHB Isao Fukui
|
0-0: Ball Passed Ball! Nate Dabney scores 1-0: Swinging Strike 1-1: Foul Ball, location: 2F 1-2: Strikes out swinging
|
Batting: RHB Yasutaka Yamasaki
|
0-0: Called Strike 0-1: Foul Ball, location: 2F 0-2: Ground out 5-3 (Groundball, 5, EV 109.4 MPH)
|
Top of the 6th over - 5 runs, 4 hits, 0 errors, 0 left on base; Detroit (APP) 20 - Pulaski 0 |
BOTTOM OF THE 6TH |
Pulaski Yankees batting - Pitching for Detroit (APP) Tigers : RHP Scott King
|
Batting: LHB Dustin Shaw
|
0-0: Called Strike 0-1: Called Strike 0-2: Ball 1-2: Ball 2-2: Strikes out swinging
|
Batting: LHB Loo Lei
|
0-0: Called Strike 0-1: Ball 1-1: Ball 2-1: Ground out 6-3 (Groundball, 6, EV 95.6 MPH)
|
Batting: RHB Jonathan Iniguez
|
0-0: Called Strike 0-1: Ball 1-1: Called Strike 1-2: Ball 2-2: Ground out 1-3 (Groundball, 34S, EV 66.2 MPH)
|
Bottom of the 6th over - 0 runs, 0 hits, 0 errors, 0 left on base; Detroit (APP) 20 - Pulaski 0 |
TOP OF THE 7TH |
Detroit (APP) Tigers batting - Pitching for Pulaski Yankees : LHP Jessie Neal
|
Batting: RHB Carlos Avila
|
0-0: Ground out 6-3 (Groundball, 6, EV 91.2 MPH)
|
Batting: RHB Jose Evangelista
|
0-0: Ball 1-0: SINGLE (Flyball, 56D, EV 93.1 MPH)
|
Pinch Hitting: LHB Timotheus Young
|
0-0: Fielders Choice at 2nd, 4-6 (Groundball, 34, EV 105.0 MPH)
|
Batting: RHB Kevin Steed
|
0-0: Ball 1-0: Ball 2-0: Foul Ball, location: 2F 2-1: Swinging Strike Passed Ball! Timotheus Young to second 2-2: Ball 3-2: Foul Ball, location: 2F 3-2: Foul Ball, location: 2F 3-2: Strikes out swinging
|
Top of the 7th over - 0 runs, 1 hit, 0 errors, 1 left on base; Detroit (APP) 20 - Pulaski 0 |
BOTTOM OF THE 7TH |
Pulaski Yankees batting - Pitching for Detroit (APP) Tigers : RHP Scott King
|
Pitching: RHP Ramiro Silva
|
|
Now in CF: Timotheus Young
|
|
Batting: RHB Gonçalo Burhil
|
0-0: Called Strike 0-1: Ball 1-1: Ball 2-1: Called Strike 2-2: SINGLE (Line Drive, 6M, EV 96.9 MPH)
|
Batting: SHB Corey Penson
|
0-0: Foul Ball, location: 2F 0-1: Ball Wild Pitch! Gonçalo Burhil to second 1-1: Called Strike 1-2: Reached on error, E5 (Groundball, 56, EV 85.0 MPH) Gonçalo Burhil to third
|
Batting: LHB Steve LeGrand
|
0-0: Called Strike Corey Penson steals 2nd base (no throw) 0-1: Ball 1-1: Foul Ball, location: 2F 1-2: Ground out 1-3 (Groundball, 13S, EV 67.5 MPH)
|
Batting: RHB David Durr
|
0-0: Called Strike 0-1: Foul Ball, location: 2F 0-2: Strikes out swinging
|
Batting: LHB Jared Zulkowski
|
0-0: Ball 1-0: Called Strike 1-1: Swinging Strike 1-2: Ball 2-2: Foul Ball, location: 2F 2-2: Strikes out looking
|
Bottom of the 7th over - 0 runs, 1 hit, 1 error, 2 left on base; Detroit (APP) 20 - Pulaski 0 |
TOP OF THE 8TH |
Detroit (APP) Tigers batting - Pitching for Pulaski Yankees : LHP Jessie Neal
|
Batting: RHB German Quiroga
|
0-0: Called Strike 0-1: Ball 1-1: Ball 2-1: Ball 3-1: Base on Balls
|
Batting: RHB Juan Acero
|
0-0: Called Strike 0-1: Ball Passed Ball! German Quiroga to second 1-1: Foul Ball, location: 2F 1-2: Foul Ball, location: 2F 1-2: Fly out, F8 (Flyball, 8LD, EV 93.1 MPH) Runner from 2nd tags up, SAFE at 3rd with throw by CF
|
Batting: RHB Nate Dabney
|
0-0: Called Strike 0-1: Ball 1-1: Ball Wild Pitch! German Quiroga scores 2-1: Foul Ball, location: 2F 2-2: Ball 3-2: Foul Ball, location: 2F 3-2: Base on Balls
|
Batting: LHB Isao Fukui
|
0-0: Called Strike 0-1: SINGLE (Flyball, 34D, EV 88.8 MPH) Nate Dabney to second
|
Batting: RHB Yasutaka Yamasaki
|
0-0: 3-RUN HOME RUN (Flyball, 7D, EV 97.5 MPH), Distance : 385 ft
|
Batting: RHB Carlos Avila
|
0-0: Ground out 4-3 (Groundball, 4MS, EV 68.1 MPH)
|
Batting: RHB Jose Evangelista
|
0-0: Ball 1-0: Ball 2-0: Ball 3-0: Base on Balls
|
Batting: LHB Timotheus Young
|
0-0: Ball Wild Pitch! Jose Evangelista to second 1-0: SINGLE (Groundball, 25, EV 65.6 MPH) (infield hit) Jose Evangelista to third
|
Batting: RHB Kevin Steed
|
0-0: Fly out, F7 (Flyball, 7, EV 90.0 MPH)
|
Top of the 8th over - 4 runs, 3 hits, 0 errors, 2 left on base; Detroit (APP) 24 - Pulaski 0 |
BOTTOM OF THE 8TH |
Pulaski Yankees batting - Pitching for Detroit (APP) Tigers : RHP Ramiro Silva
|
Batting: LHB Matt Cusatis
|
0-0: Called Strike 0-1: Ball 1-1: Foul Ball, location: 2F 1-2: Strikes out swinging
|
Batting: LHB Dustin Shaw
|
0-0: Called Strike 0-1: Foul Ball, location: 2F 0-2: Ball 1-2: Ball 2-2: Foul Ball, location: 2F 2-2: Strikes out looking
|
Batting: LHB Loo Lei
|
0-0: Ball 1-0: Called Strike 1-1: Foul Ball, location: 2F 1-2: Foul Ball, location: 2F 1-2: Strikes out swinging
|
Bottom of the 8th over - 0 runs, 0 hits, 0 errors, 0 left on base; Detroit (APP) 24 - Pulaski 0 |
TOP OF THE 9TH |
Detroit (APP) Tigers batting - Pitching for Pulaski Yankees : LHP Jessie Neal
|
Batting: RHB German Quiroga
|
0-0: Ball 1-0: Ball 2-0: SINGLE (Groundball, 56D, EV 98.1 MPH)
|
Batting: RHB Juan Acero
|
0-0: Called Strike 0-1: Called Strike 0-2: Ball Passed Ball! German Quiroga to second 1-2: Ball 2-2: Ball 3-2: Foul Ball, location: 2F 3-2: Base on Balls
|
Batting: RHB Nate Dabney
|
0-0: Ball 1-0: Ball Passed Ball! German Quiroga to third Juan Acero to second 2-0: Foul Ball, location: 2F 2-1: Foul Ball, location: 2F 2-2: Strikes out swinging
|
Batting: LHB Isao Fukui
|
0-0: Called Strike 0-1: SINGLE (Groundball, 34D, EV 104.4 MPH) (infield hit) German Quiroga scores Juan Acero to third
|
Batting: RHB Yasutaka Yamasaki
|
0-0: Called Strike 0-1: Ball Passed Ball! Juan Acero scores Isao Fukui to second 1-1: Ball 2-1: Ball Passed Ball! Isao Fukui to third 3-1: Base on Balls
|
Pinch Hitting: SHB Jean-Luc Legros
|
0-0: Swinging Strike Passed Ball! Isao Fukui scores Yasutaka Yamasaki to second 0-1: Ground out 6-3 (Groundball, 6M, EV 87.5 MPH) Yasutaka Yamasaki to third
|
Batting: RHB Jose Evangelista
|
0-0: Fly out, F8 (Line Drive, 8RM, EV 93.1 MPH)
|
Top of the 9th over - 3 runs, 2 hits, 0 errors, 1 left on base; Detroit (APP) 27 - Pulaski 0 |
BOTTOM OF THE 9TH |
Pulaski Yankees batting - Pitching for Detroit (APP) Tigers : RHP Ramiro Silva
|
Now at SS: Norm Wood
|
|
Batting: RHB Jonathan Iniguez
|
0-0: Called Strike 0-1: SINGLE (Groundball, 6MD, EV 101.2 MPH)
|
Batting: RHB Gonçalo Burhil
|
0-0: Ball 1-0: Grounds into double play, 3-6-3 (Groundball, 3, EV 85.0 MPH)
|
Batting: SHB Corey Penson
|
0-0: Swinging Strike 0-1: Ball 1-1: Foul Ball, location: 2F 1-2: Hit by Pitch
|
Batting: LHB Steve LeGrand
|
0-0: Called Strike 0-1: Called Strike 0-2: Ball 1-2: Strikes out swinging
|
Bottom of the 9th over - 0 runs, 1 hit, 0 errors, 1 left on base; Detroit (APP) 27 - Pulaski 0 |
|